 Dungeon Crawl Stone Soup version 0.17-a0-1011-gfa70bdd (webtiles) character file.

42 krabocopter the Cutter (level 3, -1/24 HPs)
             Began as a Halfling Warper on May 13, 2015.
             Slain by a gnoll
             ... wielding a +0 club
              (5 damage)
             ... on level 1 of the Dungeon.
             The game lasted 00:05:47 (1428 turns).

krabocopter the Cutter (Halfling Warper)            Turns: 1428, Time: 00:05:47

Health: -1/24      AC:  3    Str: 11    XL:     3   Next: 80%
Magic:  5/5        EV: 14    Int: 13    God:
Gold:   94         SH:  0    Dex: 16    Spells: 1 memorised, 4 levels left

rFire  . . .     SeeInvis .     a - +0 short sword
rCold  . . .     Clarity  .     b - +0 leather armour
rNeg   . . .     SustAb   .     (shield restricted)
rPois  .         Gourm    .     (no helmet)
rElec  .         Spirit   .     (no cloak)
rCorr  .         Warding  .     (no gloves)
rMut   .         Stasis   .     (no boots)
MR     .....                    (no amulet)
Stlth  +.........               (no ring)
                                j - +3 ring of dexterity

@: not resistant to hostile enchantments, very unstealthy
A: mutation resistance 1
a: no special abilities


You were on level 1 of the Dungeon.
You were not hungry.

You visited 1 branch of the dungeon, and saw 2 of its levels.

You collected 94 gold pieces.

Inventory:

Hand weapons
 a - a +0 short sword (weapon)
Missiles
 e - 5 tomahawks of dispersal (quivered)
Armour
 b - a +0 leather armour (worn)
Jewellery
 j - a +3 ring of dexterity (left hand)
Scrolls
 d - 2 scrolls of blinking
 m - a scroll of remove curse {unknown}
 n - a scroll of fog {unknown}
Potions
 g - a potion of curing {unknown}
 i - a potion of magic {unknown}
 l - a potion of degeneration {unknown}
 o - a potion of agility {unknown}
Books
 c - a book of Spatial Translocations

   Spells                             Type                      Level
   a - Apportation                    Translocation                1
   b - Blink                          Translocation                2
   c - Shroud of Golubria             Charms/Translocation         2
   d - Portal Projectile              Translocation                3
   e - Teleport Other                 Translocation                3
   f - Passage of Golubria            Translocation                4
Comestibles
 f - a bread ration
 h - 3 meat rations
 k - 6 chunks of flesh


   Skills:
 - Level 1.7 Fighting
 - Level 5.0 Short Blades
 - Level 1.3 Throwing
 + Level 1.3 Armour
 + Level 2.1 Dodging
 - Level 1.5 Spellcasting
 - Level 3.2 Translocations


You had 4 spell levels left.
You knew the following spells:

 Your Spells              Type           Power        Failure   Level  Hunger
a - Apportation           Tloc           #.........   12%         1    ##.....


Dungeon Overview and Level Annotations

Branches:
Dungeon (2/15)

Altars:


Innate Abilities, Weirdness & Mutations

You are small and have problems with some larger weapons.
You are somewhat resistant to further mutation.


Message History

There is a stone staircase leading down here.
You climb downwards.
The gnoll shouts!
You hear a shout!
There is a stone staircase leading up here.
You hit the gnoll but do no damage. You hit the gnoll but do no damage.
The gnoll hits you with a club. The gnoll hits you with a club.
The gnoll hits you from afar with an enchanted spear!
The gnoll barely misses you.
You climb upwards.
There is a stone staircase leading down here.
You hit the gnoll but do no damage. The gnoll misses you.
You barely miss the gnoll. The gnoll hits you with a club.
* * * LOW HITPOINT WARNING * * *
You closely miss the gnoll. You closely miss the gnoll.
The gnoll barely misses you.
You hit the gnoll.
The gnoll is lightly wounded.
The gnoll hits you with a club.
You die...

#.# #.................. #.#
#..###.#####.##.... #.######
#..###.# #.##.### #......#
#......# #.##.# # ######.#
####.##### ##....### #..#.#
#....# ####....#...
#....####)...###
#.......#.##
##...#.........###.#.....#.#
###.#.##...@..............#
#.#.##....g.....#####...##
#.#.#.........### #.#..#
#...##........#######+#...
######.......)............
#.........รท..........
##....#+##..........#.
#.......##..........##
#.......##..........##


You could see a gnoll.

Vanquished Creatures
  A giant gecko (D:1)
  A giant cockroach (D:1)
  4 goblins (D:1)
  7 hobgoblins
  10 jackals
  2 kobolds (D:1)
  2 ball pythons (D:1)
  4 bats (D:1)
  A giant newt (D:1)
  4 rats (D:1)
36 creatures vanquished.

Notes
Turn   | Place    | Note
--------------------------------------------------------------
     0 | D:1      | krabocopter the Halfling Warper began the quest for the Orb.
     0 | D:1      | Reached XP level 1. HP: 14/14 MP: 3/3
   190 | D:1      | Reached XP level 2. HP: 16/19 MP: 4/4
   579 | D:1      | Reached skill level 4 in Short Blades
   741 | D:1      | Reached XP level 3. HP: 13/24 MP: 5/5
  1279 | D:2      | Reached skill level 5 in Short Blades
  1428 | D:1      | Slain by a gnoll

Vault maps used:
D:1:      dpeg_arrival_rooms_c
D:2:      kennysheep_generic_room_6, uniq_terence

Action                   || total
-------------------------++-------
Melee: Short sword       ||   187
  Eat: Chunk             ||     2
